 Dungeon Crawl Stone Soup version 0.29.0-4-gdea44cf6ec (webtiles) character file.

Game seed: 16671147044399415306

49 qw the Chopper (level 3, 0/21 HPs)
             Began as a Tengu Warper on Aug 28, 2022.
             Slain by a worm (2 damage)
             ... on level 2 of the Dungeon.
             The game lasted 00:00:08 (1119 turns).

qw the Chopper (Tengu Warper)                       Turns: 1119, Time: 00:00:08

Health: 0/21       AC: 11    Str: 17    XL:     3   Next: 75%
Magic:  7/7        EV:  8    Int: 12    God:
Gold:   100        SH:  0    Dex: 12    Spells: 6/6 levels left

rFire   . . .      SeeInvis .   Y - +1 hand axe
rCold   . . .      Faith    .   (no shield)
rNeg    . . .      Spirit   .   f - +0 chain mail
rPois   .          Reflect  .   (helmet restricted)
rElec   .          Harm     .   l - +0 cloak
rCorr   .          Rampage  .   (no gloves)
Will    .....                   (boots unavailable)
Stlth   ..........              (no amulet)
HPRegen 0.07/turn               (no ring)
MPRegen 0.10/turn               (no ring)

@: no status effects
A: beak, talons 3, iridescent scales 1, strong 1, sturdy frame 1
a: no special abilities


You were on level 2 of the Dungeon.
You visited 1 branch of the dungeon, and saw 2 of its levels.

You collected 100 gold pieces.


Innate Abilities, Weirdness & Mutations

You have a beak for a mouth.
You have claws for feet.
You are partially covered in iridescent scales. (AC +2)
Your muscles are strong. (Str +4, Int/Dex -1)
Your movements are slightly less encumbered by armour. (ER -2)


   Skills:
 - Level 2.0 Fighting
 + Level 4.4 Axes
 - Level 1.0 Throwing
 - Level 1.1 Armour
 - Level 2.1 Dodging
 - Level 2.0 Spellcasting
 - Level 2.4 Translocations


You had 6 spell levels left.
You didn't know any spells.
Your spell library contained the following spells:

 Spells                   Type           Power      Damage    Failure   Level
 Blink                    Tloc           12%        N/A       78%         2
 Gell's Gravitas          Tloc           6%         N/A       95%         3
 Lesser Beckoning         Tloc           6%         N/A       95%         3
 Teleport Other           Tloc           6%         N/A       95%         3
 Manifold Assault         Tloc           6%         N/A       100%        5

Inventory:

Hand Weapons
 c - a +0 whip of pain
 Y - a +1 hand axe (weapon)
Armour
 f - a +0 chain mail (worn)
 l - a +0 cloak (worn)
Scrolls
 a - a scroll of fog {unknown}
 b - a scroll of immolation {unknown}
Potions
 d - a potion of attraction {unknown}
 e - a potion of might {unknown}
 g - a potion of magic {unknown}
 i - 3 potions of curing {unknown}
 k - 2 potions of mutation
 n - a potion of lignification {unknown}

Dungeon Overview and Level Annotations

Branches:
Dungeon (2/15)

Altars:
Cheibriados


Message History

A kobold comes into view. It is wielding a +0 dagger.
A goblin comes into view.
It is wielding a +1 dagger of electrocution.
You barely miss Terence. Your kick misses Terence.
Terence hits you with a +3 mace of holy wrath.
A rat comes into view.
1108 ||| Stepping ~*~*~tactically~*~*~ (stealth).
You hit Terence. Your kick misses Terence. You peck Terence, but do no damage.
Terence is lightly wounded.
Terence hits you with a +3 mace of holy wrath.
A dart slug comes into view.
1110 ||| Stepping ~*~*~tactically~*~*~ (hiding).
There is an escape hatch in the ceiling here.
You hit the goblin.
The goblin is moderately wounded.
The goblin hits you but does no damage.
You slash the goblin!
You kill the goblin!
The kobold throws a stone.
The stone closely misses you.
You closely miss Terence.
Terence is lightly wounded.
Terence hits you with a +3 mace of holy wrath.
You hit Terence but do no damage. Your peck misses Terence.
Terence is lightly wounded.
Terence barely misses you.
You hit Terence.
Terence is moderately wounded.
You hit the rat.
You kill the rat!
Terence hits you with a +3 mace of holy wrath. x2
You hit Terence but do no damage. You claw Terence!
Terence is almost dead.
Terence hits you with a +3 mace of holy wrath.
You hit Terence.
You kill Terence!
Your Axes skill increases to level 4!
You hit the dart slug but do no damage.
The dart slug bites you but does no damage.
You barely miss the worm. You hit the dart slug. The worm bites you.
You die...

#........# #####
#........# #...#
#....[...# #...#
#........# #...#
#........## #...#####
#.......... #...#...####
#.........#
###..........###ww........
#........# #.#..@#.#.#.##.
...##.)..###...###.# .#
#.####.............# r#
.........###......^# #
..####...##........# ..#
#........[....# ..#
#...#.######.## ..#
#...#.# #.# ..# #.#.#.#
###.######.


You could see a worm and a dart slug.

Vanquished Creatures
  Terence (D:2)
  2 ball pythons
  An endoplasm (D:2)
  2 hobgoblins
  2 quokkas
  4 bats
  A frilled lizard (D:2)
  7 goblins
  A kobold (D:2)
  3 rats (D:2)
24 creatures vanquished.

Notes
Turn   | Place    | Note
-------+----------+-------------------------------------------
     0 | D:1      | qw the Tengu Warper began the quest for the Orb.
     0 | D:1      | Reached XP level 1. HP: 12/12 MP: 4/4
     0 | D:1      | 0 ||| qw: Version: 0.1-a-89-g26bdef1
     0 | D:1      | 0 ||| qw: Game counter: 3121
     0 | D:1      | 0 ||| qw: Always use a shield: true
     0 | D:1      | 0 ||| qw: God list: Okawaru
     0 | D:1      | 0 ||| qw: Allow faded altars: false
     0 | D:1      | 0 ||| qw: Do Orc after D:15 true
     0 | D:1      | 0 ||| qw: Do second Lair branch before Depths: true
     0 | D:1      | 0 ||| qw: Lair rune preference: random
     0 | D:1      | 0 ||| qw: Plans: Normal
     0 | D:1      | 0 ||| PLANNING D:1-11
    21 | D:1      | 21 ||| Stepping ~*~*~tactically~*~*~ (stealth).
   229 | D:1      | Found a faded altar of an unknown god.
   347 | D:1      | Reached XP level 2. HP: 12/17 MP: 6/6
   475 | D:1      | Reached skill level 3 in Axes
   675 | D:1      | 675 ||| Stepping ~*~*~tactically~*~*~ (stealth).
   684 | D:1      | 684 ||| Stepping ~*~*~tactically~*~*~ (stealth).
   685 | D:1      | 685 ||| Stepping ~*~*~tactically~*~*~ (stealth).
   733 | D:1      | 733 ||| UPGRADING to +0 chain mail.
   743 | D:1      | 743 ||| DROPPING +0 leather armour.
   744 | D:1      | 744 ||| UPGRADING to +0 cloak.
   749 | D:1      | 749 ||| READING scroll labelled JOPPEL BELIR.
   750 | D:1      | 750 ||| READING scroll labelled XEAL YTSIAPS.
   751 | D:1      | 751 ||| READING scroll labelled ZIEL ZAMARGH.
   752 | D:1      | 752 ||| READING scroll labelled LIPHIDGHIETU.
   753 | D:1      | 753 ||| DRINKING 3 sedimented sapphire potions.
   753 | D:1      | Gained mutation: Your movements are slightly less
                  | encumbered by armour. (ER -2) [potion of mutation]
   753 | D:1      | Gained mutation: You are partially covered in iridescent
                  | scales. (AC +2) [potion of mutation]
   753 | D:1      | Gained mutation: Your muscles are strong. (Str +4, Int/Dex
                  | -1) [potion of mutation]
   754 | D:1      | 754 ||| DROPPING scroll of blinking.
   845 | D:2      | Found a snail-covered altar of Cheibriados.
   897 | D:2      | 897 ||| DROPPING +0 club.
  1030 | D:2      | Reached XP level 3. HP: 21/21 MP: 7/7
  1105 | D:2      | Noticed Terence
  1108 | D:2      | 1108 ||| Stepping ~*~*~tactically~*~*~ (stealth).
  1110 | D:2      | 1110 ||| Stepping ~*~*~tactically~*~*~ (hiding).
  1115 | D:2      | HP: 3/21 [Terence/+3 mace of holy wrath (6)]
  1117 | D:2      | Killed Terence
  1118 | D:2      | Reached skill level 4 in Axes
  1119 | D:2      | Slain by a worm

Levels and vault maps discovered:
D:1:      lemuel_arrival_cross, layout_basic, chequers_ecumenical_altar_simple,
          minmay_octomino_c4
D:2:      layout_rooms, basic_altar, minmay_small_reverse_x, uniq_terence

Skill      XL: |  1  2  3 |
---------------+----------+-----
Axes           | 3 4 |  4.4
Fighting       | |  2.0
Throwing       | |  1.0
Armour         | |  1.1
Dodging        | |  2.1
Spellcasting   | |  2.0
Translocations | |  2.4

Action                   || total
-------------------------++-------
Melee: Hand axe          ||    43
       Kick              ||     7
       Peck              ||     4
Throw: Boomerang         ||     7
  Use: Scroll            ||     4
       Potion            ||     1
Armor: Leather armour    ||     1
       Chain mail        ||     8
Dodge: Dodged            ||    16

Table legend:
 A = Non-vault XP
 B = Vault XP
 C = Vault XP percentage of total XP
 D = Non-vault monster count
 E = Vault monster count
 F = Vault count percentage of total count
                 A         B        C        D         E       F
            +---------+---------+-------+---------+---------+-------
      Total |      28 |      42 |  60.0 |      17 |       7 |  29.2
            +---------+---------+-------+---------+---------+-------
        D:1 |      11 |       7 |  38.9 |       6 |       4 |  40.0
        D:2 |      17 |      35 |  67.3 |      11 |       3 |  21.4
            +---------+---------+-------+---------+---------+-------
